Map: Blackpink LE

Players

souL

  • Race: Terran Terran
  • Spawn Location: 7:00

TYTY (TY) - Winner!

  • Race: Terran Terran
  • Spawn Location: 1:00

Event: IEM Season 12 - Katowice

VOD

Have the link to the VOD?

Description

Time

  • Played on: Feb. 26, 2018, 5:06 a.m.
  • Length: 14:12

All games in this series

Show
View Real Time Build Order
Export as new Build Order

souL Terran 

Build Orders: Gas First Reaper Expand, Reaper Expand, Bio Tank, Banshee Rush 

Get SALT Encoding   

  12  0:00  SCV  
  13  0:12  SCV  
  14  0:17  Supply Depot  
  14  0:25  SCV  
  14  0:27  Refinery  
  15  0:39  SCV  
  16  0:45  Barracks  
  16  0:51  SCV  
  17  1:03  SCV  
  18  1:15  SCV  
  19  1:32  Orbital Command  
  19  1:33  Reaper  
  20  1:49  Command Center  
  20  1:57  Factory  
  20  2:00  SCV  
  21  2:05  Marine  
  22  2:11  Supply Depot  
  22  2:15  SCV  
  23  2:21  Refinery  
  23  2:26  Barracks Reactor  
  23  2:32  SCV  
  24  2:43  Hellion  
  26  2:44  SCV  
  26  2:45  Starport  
  27  2:56  SCV  
  28  3:01  Orbital Command  
  28  3:05  Bunker, Factory Tech Lab  
  28  3:07  Marine  
  28  3:08  SCV  
  28  3:10  Marine  
  31  3:21  SCV  
  31  3:25  Marine  
  33  3:27  SCV  
  33  3:28  Cloaking Field, Marine  
  33  3:33  SCV  
  36  3:36  Banshee  
  36  3:39  SCV  
  40  3:45  Supply Depot, SCV  
  40  3:47  Marine  
  42  3:49  Marine  
  42  3:51  SCV  
  44  3:57  SCV  
  44  3:58  Supply Depot  
  44  4:03  SCV, Factory Tech Lab  
  44  4:07  Supply Depot  
  44  4:09  SCV  
  46  4:15  SCV  
  47  4:19  Banshee  
  47  4:21  SCV  
  51  4:24  Barracks  
  51  4:26  Barracks  
  51  4:28  Siege Tank  
  51  4:30  SCV  
  55  4:33  SCV  
  55  4:36  Engineering Bay  
  56  4:39  Marine  
  56  4:41  Marine  
  56  4:42  SCV  
  56  4:45  Supply Depot  
  59  4:51  SCV  
  60  4:55  SCV  
  60  4:57  Marine  
  62  5:00  Siege Tank  
  62  5:03  SCV  
  66  5:09  Supply Depot, Terran Infantry Weapons Level 1  
  66  5:11  SCV  
  66  5:12  Marine  
  66  5:13  Barracks Tech Lab  
  68  5:17  Refinery  
  68  5:18  Refinery  
  68  5:20  SCV, Marine  
  70  5:22  Starport Reactor  
  70  5:24  SCV  
  70  5:27  Stimpack, Marine  
  72  5:29  Supply Depot  
  72  5:30  Marine  
  72  5:32  Marine  
  72  5:35  SCV  
  75  5:38  Marine  
  76  5:45  Marine  
  77  5:51  Marine  
  77  5:52  SCV  
  77  5:54  Marine  
  77  5:56  Marine  
  78  5:59  Combat Shields  
  78  6:00  Medivac  
  80  6:04  SCV  
  80  6:05  Supply Depot  
  80  6:09  Command Center  
  80  6:10  Supply Depot, Marine x2  
  83  6:12  Siege Tank  
  83  6:13  SCV  
  83  6:16  SCV  
  83  6:18  Medivac  
  90  6:22  Marine x2  
  92  6:25  SCV  
  92  6:28  Supply Depot, Marine  
  92  6:29  Supply Depot, Marine  
  92  6:30  SCV  
  95  6:36  Medivac  
  95  6:38  SCV  
  98  6:40  Marine x2  
  100  6:47  Marine  
  100  6:48  Barracks, Medivac  
  100  6:50  Barracks  
  103  6:55  Siege Tank  
  103  6:56  Marine  
  103  7:00  Marine  
  108  7:01  Marine  
  108  7:05  SCV, Medivac  
  108  7:06  Terran Infantry Armor Level 1  
  112  7:11  Marine  
  112  7:13  SCV  
  116  7:18  Marine  
  116  7:20  SCV, Orbital Command, Marine  
  119  7:25  Medivac  
  119  7:30  Supply Depot  
  119  7:33  Marine  
  119  7:34  Engineering Bay, Armory  
  119  7:37  Barracks Reactor, Marine  
  121  7:38  Marine  
  121  7:39  Supply Depot  
  121  7:41  Marine  
  124  7:47  Missile Turret  
  124  7:49  SCV  
  124  7:50  Barracks Reactor  
  124  7:51  Marine  
  124  7:53  Supply Depot, Medivac  
  124  7:54  Supply Depot  
  124  7:55  Marine, Medivac  
  124  7:56  SCV, Marine  
  131  7:59  Marine  
  131  8:00  SCV  
  133  8:09  Marine  
  133  8:12  Factory  
  133  8:13  Marine  
  133  8:14  Marine x2  
  133  8:15  SCV, Marine  
  133  8:16  Marine  
  139  8:22  SCV  
  139  8:23  Medivac, Terran Infantry Weapons Level 2  
  139  8:26  Marine  
  143  8:27  Marine  
  143  8:29  Marine  
  143  8:31  Marine  
  143  8:32  Marine x2  
  143  8:33  Marine  
  144  8:36  Marine  
  144  8:41  Medivac  
  143  8:44  Marine  
  143  8:45  Marine  
  143  8:47  Marine  
  143  8:48  SCV, Marine  
  144  8:49  SCV, Marine  
  144  8:50  Marine  
  144  8:51  Marine  
  144  8:54  Marine  
  149  8:57  SCV  
  149  9:00  SCV  
  149  9:02  Marine  
  150  9:03  Marine, Medivac  
  150  9:05  Siege Tank, Marine  
  150  9:06  Marine  
  150  9:07  Marine  
  150  9:08  Marine  
  150  9:09  Marine  
  158  9:11  Marine  
  158  9:13  Factory Tech Lab  
  155  9:17  Medivac  
  155  9:19  SCV  
  155  9:20  Marine  
  155  9:21  Marine  
  155  9:23  SCV, Marine  
  162  9:24  Marine  
  162  9:25  Marine x2  
  162  9:27  Marine  
  162  9:29  Marine  
  161  9:37  Siege Tank  
  161  9:38  Marine  
  158  9:39  Marine  
  158  9:41  Marine  
  158  9:42  Marine  
  158  9:43  Marine  
  162  9:48  Terran Infantry Armor Level 2  
  161  9:57  Marine  
  161  9:59  Siege Tank  
  162  10:01  Marine  
  162  10:02  Marine  
  162  10:03  Marine  
  162  10:06  Marine  
  162  10:10  Siege Tank  
  162  10:11  Marine  
  162  10:13  Marine  
  163  10:14  SCV  
  163  10:16  Marine  
  165  10:22  Marine x4  
  165  10:23  Refinery x2  
  165  10:24  Marine  
  165  10:25  SCV  
  171  10:29  Marine  
  171  10:30  SCV, Marine  
  171  10:34  Marine  
  172  10:40  Marine  
  172  10:42  Marine x2  
  173  10:45  Marine  
  173  10:48  Marine  
  173  10:49  Viking  
  173  10:56  SCV, Marine  
  173  10:57  SCV x2  
  173  11:12  Supply Depot  
  173  11:14  Supply Depot  
  173  11:19  SCV x2, Marine  
  173  11:20  Marine x4  
  173  11:23  Marine x2  
  173  11:26  Siege Tank, Marine  
  173  11:27  Siege Tank  
  172  11:36  Marine  
  172  11:37  Marine x4  
  176  11:41  Marine x2  
  176  11:43  Marine  
  179  11:47  SCV  
  179  11:53  Command Center  
  177  11:54  Marine  
  177  11:55  Marine  
  170  12:01  Marine x2  
  170  12:02  Marine x4  
  172  12:12  Marine  
  172  12:13  Marine  
  167  12:19  Marine x6  
  164  12:30  Marine  
  164  12:31  Marine  
  164  12:32  Siege Tank  
  166  12:37  Marine x5  
  166  12:40  Orbital Command  
  166  12:41  Marine  
  171  12:47  Siege Tank  
  140  13:04  Siege Tank, Marine  
  137  13:07  Marine  
  137  13:10  Marine x2  
  131  13:17  Planetary Fortress  
  125  13:24  Marine  
  125  13:25  Marine  
  125  13:26  Marine  
  98  13:27  Marine  
  98  13:29  Marine x3  
  83  13:36  Marine, Medivac x2  
  88  13:42  Marine  
  88  13:43  Marine  
  88  13:44  Marine  
  88  13:45  Marine  
  88  13:46  Marine  
  88  13:47  Marine x2  
  95  13:54  Marine  
Show
View Real Time Build Order
Export as new Build Order

TYTY Terran - Winner!

Build Orders: Cyclone Opening, Gas First Reaper Expand, Reaper Expand, Bio Tank 

Get SALT Encoding   

  12  0:00  SCV  
  13  0:12  SCV  
  14  0:20  Supply Depot  
  14  0:24  SCV  
  15  0:30  Refinery  
  15  0:42  SCV  
  16  0:45  Barracks  
  16  0:54  SCV  
  17  1:06  SCV  
  18  1:18  SCV  
  19  1:32  Reaper, Orbital Command  
  20  1:45  Command Center  
  20  1:56  Factory  
  20  1:59  SCV  
  21  2:09  Barracks Reactor  
  21  2:11  Supply Depot  
  21  2:13  SCV  
  22  2:18  Refinery  
  22  2:25  SCV  
  23  2:37  SCV  
  23  2:44  Cyclone  
  27  2:45  Marine x2  
  27  2:49  SCV  
  30  2:57  Orbital Command  
  30  3:01  SCV  
  30  3:03  Marine x2  
  33  3:08  Starport  
  33  3:13  SCV  
  33  3:16  Factory Tech Lab  
  34  3:21  Marine x2  
  34  3:23  SCV  
  34  3:25  SCV  
  38  3:35  Supply Depot, SCV  
  38  3:37  SCV  
  38  3:39  Marine x2  
  42  3:47  SCV  
  43  3:50  SCV  
  43  3:52  Raven  
  43  3:53  Factory Tech Lab  
  46  3:57  Supply Depot, Marine x2  
  48  4:03  SCV x2  
  50  4:12  Command Center  
  50  4:15  SCV  
  51  4:20  SCV  
  51  4:22  Marine  
  56  4:27  SCV  
  56  4:28  Supply Depot  
  56  4:35  SCV, Refinery  
  56  4:36  Raven  
  56  4:37  Marine  
  56  4:38  Refinery  
  57  4:40  Marine  
  57  4:42  SCV  
  59  4:48  Supply Depot  
  59  4:49  SCV  
  59  4:50  Siege Tank  
  63  4:54  SCV  
  63  4:57  Marine  
  63  4:58  Marine  
  66  5:01  SCV  
  66  5:09  SCV  
  66  5:10  Engineering Bay  
  66  5:12  Engineering Bay  
  66  5:13  SCV  
  67  5:24  Siege Tank  
  67  5:25  SCV  
  67  5:28  Orbital Command  
  69  5:29  Marine  
  69  5:30  Stimpack  
  70  5:37  Starport Reactor  
  70  5:40  Barracks x2  
  70  5:41  SCV  
  71  5:43  SCV  
  71  5:49  Marine  
  73  5:50  Orbital Command  
  73  5:51  Terran Infantry Armor Level 1  
  73  5:55  Terran Infantry Weapons Level 1  
  73  5:56  SCV x2  
  73  6:03  Siege Tank  
  76  6:07  Missile Turret, Marine  
  76  6:08  SCV x2  
  78  6:17  SCV  
  79  6:20  SCV x2  
  79  6:23  Starport Reactor  
  79  6:25  Marine  
  82  6:27  Supply Depot  
  82  6:29  SCV  
  82  6:31  Missile Turret, Marine  
  82  6:32  SCV x2  
  87  6:38  Siege Tank  
  90  6:41  Missile Turret, SCV  
  90  6:43  Marine  
  90  6:45  SCV x2  
  93  6:47  Supply Depot  
  93  6:48  Supply Depot  
  93  6:49  Marine x2  
  93  6:50  Supply Depot  
  93  6:54  SCV  
  96  6:55  Marine x2  
  96  6:57  SCV x2  
  96  7:01  Marine  
  101  7:03  Medivac  
  101  7:07  Armory  
  100  7:08  Supply Depot, Medivac  
  100  7:09  SCV x2  
  100  7:10  Supply Depot  
  100  7:15  Marine x4  
  106  7:16  Siege Tank  
  114  7:25  Sensor Tower  
  110  7:30  SCV  
  110  7:31  Barracks  
  110  7:32  SCV, Barracks  
  110  7:33  SCV, Medivac  
  115  7:38  Medivac  
  115  7:39  Combat Shields, Refinery  
  115  7:40  Marine x4  
  121  7:46  SCV x2  
  121  7:48  Supply Depot  
  121  7:50  SCV, Refinery  
  124  7:58  SCV, Marine, Terran Infantry Weapons Level 2  
  125  7:59  Marine x3  
  125  8:01  SCV  
  125  8:02  SCV  
  131  8:08  Siege Tank  
  131  8:09  Marine  
  134  8:16  Marine x3  
  134  8:18  Barracks Reactor  
  134  8:19  Barracks Reactor  
  137  8:20  Supply Depot  
  137  8:21  Supply Depot  
  137  8:24  Marine  
  137  8:26  Marine  
  139  8:31  SCV x2  
  133  8:35  Marine x2  
  133  8:38  Medivac x2  
  133  8:39  Marine  
  133  8:40  Siege Tank  
  143  8:42  Marine  
  143  8:43  SCV x2  
  143  8:44  Marine  
  143  8:46  Terran Infantry Armor Level 2  
  147  8:53  Marine x2  
  147  8:54  Marine x2  
  151  8:57  Marine  
  151  9:00  Marine  
  151  9:02  Marine  
  153  9:05  Marine x2  
  155  9:11  Supply Depot, Marine x2  
  155  9:12  Marine x2, Command Center  
  155  9:14  Factory  
  157  9:19  Siege Tank  
  157  9:22  Marine x3  
  157  9:23  Marine  
  162  9:24  Medivac  
  162  9:26  Medivac  
  162  9:28  Marine  
  162  9:30  Marine  
  165  9:31  Marine  
  165  9:32  Marine x2  
  165  9:35  Supply Depot  
  165  9:36  Supply Depot  
  167  9:40  Marine  
  163  9:46  Marine  
  163  9:47  Marine x2  
  163  9:51  Siege Tank  
  169  9:57  Terran Vehicle Weapons Level 1  
  169  10:02  Marine x4, Factory Tech Lab  
  169  10:03  Marine x3  
  169  10:05  Marine  
  174  10:13  SCV x2  
  171  10:18  Marine  
  171  10:20  Marine x3  
  175  10:21  Sensor Tower  
  175  10:23  Siege Tank  
  175  10:24  Viking x2  
  175  10:25  Siege Tank  
  184  10:29  SCV x2  
  182  10:38  Marine x6  
  188  10:43  Missile Turret, Marine x2  
  189  10:59  Viking x2  
  189  11:00  Siege Tank x2  
  189  11:01  Marine  
  189  11:02  Marine  
  200  11:04  Planetary Fortress  
  200  11:17  Terran Infantry Armor Level 3, Terran Infantry Weapons Level 3  
  195  11:35  Siege Tank x2  
  194  11:47  Marine  
  194  11:48  Marine  
  194  11:53  Barracks, Liberator  
  194  11:54  Barracks, Refinery  
  200  11:55  Refinery  
  200  11:58  Liberator  
  199  12:06  Marine x2  
  192  12:10  Siege Tank  
  187  12:17  Supply Depot  
  187  12:18  Supply Depot x2  
  187  12:20  Supply Depot  
  187  12:21  Supply Depot  
  169  12:22  Marine  
  171  12:36  Supply Depot x2  
  168  12:37  Supply Depot, SCV x2  
  168  12:41  Marine x3  
  168  12:42  Siege Tank, Marine x2  
  168  12:43  Barracks Reactor  
  175  12:49  Barracks Reactor  
  175  12:50  Orbital Command  
  164  12:59  Marine x3  
  164  13:00  Marine  
  162  13:13  Marine  
  162  13:14  Siege Tank  
  162  13:16  Marine  
  162  13:17  Marine x3  
  169  13:22  SCV x3  
  169  13:24  Marine x2  
  152  13:30  Sensor Tower, Marine  
  152  13:32  Missile Turret  
  152  13:33  Medivac x2  
  152  13:34  Marine x5, Barracks  
  148  13:35  Marine, Barracks  
  148  13:38  SCV x3, Factory  
  157  13:42  Marine x2  
  159  13:48  Marine  
  159  13:50  Armory  
  159  13:52  Marine x5  
  159  13:53  Marine  

Tags
 
Add a new tag
Caveats
  • Supply blocks, unpowered buildings, or Contaminate may cause inaccurate times.
  • Supply counts are checked every 10 seconds.